 Dungeon Crawl Stone Soup version 0.22.1-1-ga44c0e56f4 (webtiles) character file.

6375 Tveyn the Protected (level 10, -5/79 HPs)
             Began as a Demonspawn Abyssal Knight on Nov 8, 2018.
             Was a Believer of Lugonu.
             Slain by an ettin
             ... wielding a +0 dire flail
              (6 damage)
             ... on level 1 of the Orcish Mines.
             The game lasted 01:23:06 (14519 turns).

Tveyn the Protected (Demonspawn Abyssal Knight)    Turns: 14519, Time: 01:23:07

Health: -5/79      AC: 20    Str: 15      XL:     10   Next: 65%
Magic:  9/14       EV:  3    Int: 14 (15) God:    Lugonu [**....]
Gold:   741        SH:  7    Dex: 11 (12) Spells: 8/9 levels left

rFire    . . .     SeeInvis .   s - +3 hand axe (drain)
rCold    + . .     Gourm    .   O - +0 shield
rNeg     + . .     Faith    .   V - +1 plate armour {rC+}
rPois    .         Spirit   .   u - +2 hat {MR+}
rElec    .         Reflect  .   M - +0 cloak
rCorr    .         Harm     .   B - +0 pair of gloves
MR       +....                  L - +0 pair of boots
Stlth    ..........             (no amulet)
HPRegen  0.23/turn              T - ring of positive energy
MPRegen  0.14/turn              R - ring of stealth

@: no status effects
A: claws 1, horns 2, talons 1, demonic guardian 1, deterioration 1, low mp 1,
mutation resistance 1, rot immunity
a: Depart the Abyss, Bend Space, Renounce Religion


You were on level 1 of the Orcish Mines.
You worshipped Lugonu.
Lugonu was pleased with you.
You were not hungry.

You visited 3 branches of the dungeon, and saw 11 of its levels.
You visited the Abyss 1 time.

You collected 831 gold pieces.
You spent 90 gold pieces at shops.

Inventory:

Hand Weapons
 j - a +5 dire flail
 s - a +3 hand axe of draining (weapon)
 N - a cursed -1 shortbow
Missiles
 g - 59 stones (quivered)
 w - 8 javelins
 x - 16 tomahawks
 H - 3 steel tomahawks
 J - 118 arrows
Armour
 b - a +0 plate armour
 u - a +2 hat of magic resistance (worn)
 v - a +1 ring mail of fire resistance
 B - a +0 pair of gloves (worn)
 L - a +0 pair of boots (worn)
 M - a +0 cloak (worn)
 O - a +0 shield (worn)
 V - a +1 plate armour of cold resistance (worn)
Magical Staves
 Q - an uncursed staff of conjuration {unknown}
Jewellery
 d - an uncursed ring of resist corrosion
 q - an uncursed ring of wizardry
 y - an uncursed ring of fire
 F - an uncursed ring of see invisible
 P - an uncursed ring of ice
 R - a ring of stealth (right hand)
 T - a ring of positive energy (left hand)
Wands
 k - a wand of random effects (17)
 l - a wand of acid (16)
 E - a wand of polymorph (10)
 K - a wand of paralysis (7)
 S - a wand of digging (15)
Scrolls
 e - a scroll of blinking {unknown}
 m - a scroll of immolation {unknown}
 n - 5 scrolls of remove curse
 r - 2 scrolls of amnesia
 t - a scroll of random uselessness
 C - 3 scrolls of fear
 D - 2 scrolls of enchant armour
 G - a scroll of noise
Potions
 h - a potion of lignification
 z - a potion of degeneration
Comestibles
 c - 8 rations


   Skills:
 * Level 7.5 Fighting
   Level 2.0(2.7) Short Blades
   Level 2.6(3.0) Long Blades
 * Level 7.2 Axes
 + Level 2.7 Throwing
 * Level 8.4 Armour
 + Level 2.1 Dodging
 + Level 1.9 Stealth
 + Level 1.3 Shields
 * Level 8.2 Invocations


You had 8 spell levels left.
You knew the following spells:

 Your Spells              Type           Power        Failure   Level  Hunger
a - Beastly Appendage     Tmut           #.....       100%        1    ##.....

Your spell library contained the following spells:

 Spells                   Type           Power        Failure   Level  Hunger
 Corona                   Hex            #......      100%        1    ##.....
 Slow                     Hex            #.......     100%        2    ###....
 Sticks to Snakes         Tmut           #.......     100%        2    ###....
 Inner Flame              Hex/Fire       #.......     100%        3    ####...
 Portal Projectile        Hex/Tloc       #.....       100%        3    ####...
 Spider Form              Tmut/Pois      #.........   100%        3    ####...
 Cause Fear               Hex            #.........   100%        4    #####..
 Ice Form                 Ice/Tmut       #.......     100%        4    #####..
 Leda's Liquefaction      Hex/Erth       #.........   100%        4    #####..
 Blade Hands              Tmut           #.........   100%        5    ######.


Dungeon Overview and Level Annotations

Branches:
Dungeon (9/15)             Temple (1/1) D:4            Lair (0/6) D:8
    Orc (1/2) D:9

Altars:
Ashenzari
Cheibriados
Dithmenos
Elyvilon
Fedhas
Gozag
Hepliaklqana
Kikubaaqudgha
Makhleb
Nemelex Xobeh
Okawaru
Qazlal
Ru
Sif Muna
Trog
Uskayaw
Vehumet
Wu Jian
Xom
Yredelemnul
Zin
The Shining One
Beogh

Shops:
D:7 *!}(=

Annotations:
Orc:1 Gastronok


Innate Abilities, Weirdness & Mutations

You have sharp fingernails.
You have a pair of horns on your head.
You have sharp toenails.
A weak demonic guardian rushes to your aid.
You are immune to rotting.
Your body sometimes deteriorates upon taking damage.
Your magical capacity is low. (-10% MP)
You are somewhat resistant to further mutation.


Message History

Your shadow imp gestures at the warg.
The warg resists with significant effort.
The ettin hits you with a dire flail!! x2
Okay, then.
Okay, then.
Space bends around you!
You blink.
Gastronok bites you!
* * * LOW HITPOINT WARNING * * *
The rat bites your white imp.
Your shadow imp disappears in a puff of smoke!
The rat bites your white imp but does no damage.
Your white imp gestures at the rat.
The puff of frost hits the rat.
The rat dies!
The rat's corpse disappears in a puff of smoke!
Gastronok waves his eye-stalks in wide circles.
The air twists around and strikes you!
* * * LOW HITPOINT WARNING * * *
There is a stone staircase leading down here.
The warg completely misses you. The ettin hits you with a dire flail.
You die...

#...............#...####
##.#.....#.........###.##
##...........#...........#
###........................#
#.........................##
#....##........##........###
##..##..........#.#..#...#
### ##...#ยง.5C...........#
##.#....h@.......#...#
##.#.(#................
#.....w..............#..
##...#...##.#...........#
#............... #....##
##.#..........#. #
#.....#.#.#. ##.#...##..
####.##


You could see Gastronok, an ettin, a warg and a friendly white imp.

Vanquished Creatures
  Harold (D:9)
  Grinder (D:3)
  3 hippogriffs
  Sigmund (D:6)
  3 wargs (D:8)
  An ice beast (D:6)
  10 orc warriors
  3 ogres
  A phantom (D:7)
  2 centaurs
  2 bullfrogs
  3 scorpions
  3 howler monkeys
  A bullfrog zombie (D:5)
  3 crimson imps
  6 hounds
  4 orc priests
  2 centaur skeletons
  8 orc wizards
  3 worker ants
  An iguana (D:8)
  A hound zombie (D:6)
  A worker ant zombie (D:5)
  4 gnolls
  10 adders
  A shadow imp (D:5)
  An ooze (D:3)
  3 worms
  An adder skeleton (D:4)
  6 dart slugs
  3 leopard geckos
  37 orcs
  8 bats
  7 giant cockroaches
  6 goblins
  5 hobgoblins
  5 jackals
  4 quokkas
  A ball python (D:6)
  2 ball python skeletons
  4 frilled lizards
  A jackal skeleton (D:4)
  6 kobolds
  8 rats
187 creatures vanquished.

Vanquished Creatures (collateral kills)
  Joseph (D:7)
  Duvessa (D:6)
  An orc warrior (D:9)
  An ogre (D:5)
  2 centaurs
  2 bullfrogs (D:6)
  A wyvern zombie (D:6)
  A scorpion (D:6)
  Dowan (D:6)
  A hound (D:7)
  2 orc priests
  An iguana (D:6)
  A worker ant (D:9)
  A worker ant zombie (D:8)
  2 gnolls (D:2)
  6 orcs
  A hobgoblin (D:3)
  A kobold (D:3)
27 creatures vanquished.

Vanquished Creatures (others)
  A two-headed ogre (D:9)
  The ghost of Pray4Patrick the Basher, a novice MiBe of Trog (D:9)
  2 wargs
  2 ogres
  2 orc priests
  A hound (D:9)
9 creatures vanquished.

Grand Total: 223 creatures vanquished

Notes
Turn   | Place    | Note
-------+----------+-------------------------------------------
     0 | Abyss:1  | Tveyn the Demonspawn Abyssal Knight began the quest for the
                  | Orb.
     0 | Abyss:1  | Reached XP level 1. HP: 18/18 MP: 2/2
    22 | Abyss:1  | Found an opulent altar of Gozag.
    88 | Abyss:1  | Noticed a small abomination
    88 | Abyss:1  | Noticed a wretched star
    89 | D:1      | Escaped the Abyss
   311 | D:1      | Reached * piety under Lugonu
   447 | D:1      | Gained mutation: A weak demonic guardian rushes to your
                  | aid. [demonic ancestry]
   447 | D:1      | Reached XP level 2. HP: 22/24 MP: 3/3
   651 | D:1      | Reached skill level 1 in Dodging
  1391 | D:2      | Gained mutation: You are immune to rotting. [demonic
                  | ancestry]
  1391 | D:2      | Reached XP level 3. HP: 25/30 MP: 4/4
  2655 | D:2      | Gained mutation: You have sharp toenails. [demonic
                  | ancestry]
  2655 | D:2      | Reached XP level 4. HP: 36/37 MP: 6/6
  3255 | D:2      | Reached XP level 5. HP: 42/42 MP: 7/7
  3423 | D:3      | Noticed Grinder
  3467 | D:3      | Killed Grinder
  3467 | D:3      | Reached skill level 1 in Short Blades
  3467 | D:3      | Gained mutation: You have a pair of small horns on your
                  | head. [demonic ancestry]
  3467 | D:3      | Reached XP level 6. HP: 26/49 MP: 8/8
  3797 | D:3      | Reached ** piety under Lugonu
  3978 | D:3      | Gained mutation: Your magical capacity is low. (-10% MP)
                  | [potion of mutation]
  3978 | D:3      | Gained mutation: Your body sometimes deteriorates upon
                  | taking damage. [potion of mutation]
  3978 | D:3      | Gained mutation: You are somewhat resistant to further
                  | mutation. [potion of mutation]
  4516 | D:4      | Found a blossoming altar of Fedhas.
  4516 | D:4      | Found a radiant altar of Vehumet.
  4555 | D:5      | Entered Level 5 of the Dungeon
  5354 | D:4      | Found a staircase to the Ecumenical Temple.
  5369 | Temple   | Entered the Ecumenical Temple
  5580 | D:4      | Found an opulent altar of Gozag.
  5772 | D:4      | Reached XP level 7. HP: 48/55 MP: 9/9
  6852 | D:5      | Reached skill level 1 in Axes
  7486 | D:5      | Reached skill level 5 in Invocations
  7714 | D:6      | Reached skill level 5 in Fighting
  7714 | D:6      | Reached skill level 5 in Armour
  7735 | D:6      | Gained mutation: You have sharp fingernails. [demonic
                  | ancestry]
  7735 | D:6      | Reached XP level 8. HP: 37/62 MP: 10/10
  8108 | D:6      | Found a burning altar of Makhleb.
  8112 | D:6      | Found a glowing silver altar of Zin.
  8112 | D:6      | Noticed a blizzard demon
  8112 | D:6      | Noticed an angel
  8198 | D:6      | Noticed Sigmund
  8233 | D:6      | Killed Sigmund
  8233 | D:6      | Reached skill level 1 in Stealth
  8381 | D:6      | Reached *** piety under Lugonu
  8469 | D:6      | Noticed Dowan
  8474 | D:6      | Noticed Duvessa
  8482 | D:6      | Killed Dowan
  8482 | D:6      | Reached skill level 1 in Throwing
  8507 | D:6      | Killed Duvessa
  8658 | D:6      | Found a basalt altar of Yredelemnul.
  8838 | D:7      | Noticed Joseph
  8876 | D:7      | Killed Joseph
  8876 | D:7      | Gained mutation: You have a pair of horns on your head.
                  | [demonic ancestry]
  8876 | D:7      | Reached XP level 9. HP: 22/69 MP: 12/12
  9119 | D:7      | Reached skill level 5 in Axes
  9276 | D:7      | Learned a level 1 spell: Beastly Appendage
  9326 | D:7      | Found Sotax's Gadget Shop.
  9337 | D:7      | Found a shimmering altar of Xom.
  9378 | D:7      | Found Roleruciha's Distillery.
  9382 | D:7      | Found Zorusaat's General Store.
  9445 | D:7      | Bought a scroll of enchant armour for 90 gold pieces
  9610 | D:7      | Found Siuruuk's Weapon Emporium.
  9780 | D:7      | Found Izxyejag's Jewellery Shoppe.
  9935 | D:7      | Found a bloodstained altar of Trog.
  9936 | D:7      | Found an iron altar of Okawaru.
 10537 | D:8      | Found a staircase to the Lair.
 11222 | D:9      | Found a staircase to the Orcish Mines.
 11466 | D:9      | Reached XP level 10. HP: 33/77 MP: 13/13
 11966 | D:9      | Found a runed gate.
 11966 | D:9      | Found a runed gate.
 11966 | D:9      | Found a runed gate.
 11978 | D:9      | Noticed Pray4Patrick's ghost (novice MiBe)
 11980 | D:9      | Found a roughly hewn altar of Beogh.
 12091 | D:9      | Banished Pray4Patrick's ghost
 12108 | D:9      | Noticed Harold
 12118 | D:9      | Noticed a two-headed ogre
 12221 | D:9      | HP: 3/79 [two-headed ogre/giant club (10)]
 13061 | D:9      | Killed Harold
 13061 | D:9      | Reached skill level 1 in Shields
 13073 | D:9      | Banished a two-headed ogre
 13853 | Orc:1    | Entered Level 1 of the Orcish Mines
 14500 | Orc:1    | Noticed Gastronok
 14506 | Orc:1    | Noticed an ettin
 14518 | Orc:1    | HP: 1/79 [Gastronok/the air (14)]
 14519 | Orc:1    | Slain by an ettin

Skill      XL: |  1  2  3  4  5  6  7  8  9 10 |
---------------+-------------------------------+-----
Armour         | 2 3 4 5 6 7 8 |  8.4
Dodging        | 1 2 |  2.1
Long Blades    | 2 |  2.6
Fighting       | 4 5 6 7 |  7.5
Invocations    | 3 4 5 6 8 |  8.2
Short Blades   | 1 2 |  2.0
Axes           | 2 4 6 7 |  7.2
Stealth        | 1 |  1.9
Throwing       | 1 2 |  2.7
Shields        | 1 |  1.3

Action                   |  1- 3 |  4- 6 |  7- 9 | 10-12 || total
-------------------------+-------+-------+-------+-------++-------
Melee: Falchion          |   112 |     1 |       |       ||   113
       Dagger            |       |   129 |       |       ||   129
       Kick              |       |    35 |    11 |       ||    46
       Hand axe          |       |    27 |   400 |   112 ||   539
       Headbutt          |       |    13 |    50 |    13 ||    76
Throw: Tomahawk          |       |     9 |    19 |    35 ||    63
       Javelin           |       |       |     2 |     8 ||    10
       Throwing net      |       |       |     2 |     5 ||     7
       Stone             |       |       |       |     1 ||     1
Invok: Depart the Abyss  |     1 |       |       |       ||     1
       Bend Space        |       |     2 |       |     3 ||     5
       Banish            |       |       |     2 |    11 ||    13
  Use: Scroll            |     4 |     9 |     6 |     9 ||    28
       Potion            |       |     7 |     6 |     6 ||    19
 Stab: Distracted        |       |     1 |     6 |       ||     7
  Eat: Ration            |     1 |     3 |     3 |     4 ||    11
       Chunk             |     2 |     2 |     7 |       ||    11
Armor: Leather armour    |    30 |       |       |       ||    30
       Ring mail         |    20 |    47 |    16 |       ||    83
       Plate armour      |       |       |   288 |    73 ||   361
       Skin              |       |       |     1 |       ||     1
Dodge: Dodged            |    81 |    82 |    87 |    12 ||   262
Block: Shield            |       |       |    46 |    43 ||    89
       Rpst.: Falchion   |    28 |       |       |       ||    28
